 Dungeon Crawl Stone Soup version 0.32-a0-675-gdc239d62e1 (webtiles) character file.

Game seed: 11081770292607512275

285 grandjackal the Trooper (level 6, 0/48 HPs)
             Began as a Demonspawn Gladiator on Mar 11, 2024.
             Was an Initiate of Makhleb.
             Slain by Dowan
             ... wielding a +0 dagger
              (6 damage)
             ... on level 4 of the Dungeon.
             The game lasted 00:03:26 (2748 turns).

grandjackal the Trooper (Demonspawn Gladiator)      Turns: 2748, Time: 00:03:26

Health: 0/48       AC:  5    Str: 17    XL:     6   Next: 7%
Magic:  8/8        EV: 12    Int:  8    God:    Makhleb [......]
Gold:   87         SH:  0    Dex: 14    Spells: 5/5 levels left

rFire   . . .        j - +0 morningstar
rCold   . . .        (no shield)
rNeg    . . .        b - +0 leather armour
rPois   .            c - +0 helmet
rElec   .            (no cloak)
rCorr   .            (no gloves)
SInv    .            g - +0 pair of boots
Will    .....        (no amulet)
Stlth   +            (no ring)
HPRegen 0.28/turn    (no ring)
MPRegen 0.11/turn

%: no passive effects
@: no status effects
A: claws 2, ignite blood 1
a: Renounce Religion


You were on level 4 of the Dungeon.
You worshipped Makhleb.
Makhleb was noncommittal.
You visited 1 branch of the dungeon, and saw 4 of its levels.

You collected 87 gold pieces.

Inventory:

Hand Weapons
 a - a +0 long sword
 j - a +0 morningstar (weapon)
Missiles
 d - 3 throwing nets (quivered)
 e - a javelin
 n - 6 poisoned darts
Armour
 b - a +0 leather armour (worn)
 c - a +0 helmet (worn)
 g - a +0 pair of boots (worn)
Wands
 s - a wand of roots (12)
Scrolls
 f - 4 scrolls of identify {unknown}
 i - 3 scrolls of teleportation {unknown}
 k - a scroll of fog {unknown}
 o - a scroll of enchant armour {unknown}
 t - a scroll of fear {unknown}
 u - a scroll of revelation {unknown}
 v - a scroll of brand weapon {unknown}
Potions
 h - a potion of might {unknown}
 l - 2 potions of degeneration {unknown}
 m - a potion of brilliance {unknown}
 p - 3 potions of lignification {unknown}
 q - a potion of enlightenment {unknown}
 r - a potion of curing {unknown}


   Skills:
 + Level 4.2 Fighting
 - Level 2.8 Long Blades
 - Level 2.0 Throwing
 - Level 3.0 Dodging
 + Level 3.0 Unarmed Combat
 + Level 2.8 Invocations


You had 5 spell levels left.
You didn't know any spells.
Your spell library contained the following spells:

 Spells                   Type           Power      Damage    Failure   Level
 Shock                    Conj/Air       0%         1d3       47%         1
 Lesser Beckoning         Tloc           0%         N/A       63%         2
 Gell's Gravitas          Tloc           0%         N/A       85%         3
 Teleport Other           Tloc           0%         N/A       85%         3
 Tukima's Dance           Hex            0%         N/A       85%         3
 Dimensional Bullseye     Hex/Tloc       0%         N/A       99%         4


Dungeon Overview and Level Annotations

Branches:
Dungeon (4/15)
 Temple: D:4-7

Altars:
Gozag
Makhleb
Nemelex Xobeh
Ru

Shops:
D:4 =

Annotations:
D:4 1 runed translucent door, Crazy Yiuf, Dowan


Innate Abilities, Weirdness & Mutations

You have very sharp fingernails.
Your demonic aura sometimes causes spilled blood to erupt in flames.


Message History

Dowan hits you with a +0 dagger. Dowan hits you but does no damage.
You completely miss Dowan.
Dowan is heavily wounded.
Dowan hits you with a +0 dagger. x2
You completely miss Dowan.
Dowan is heavily wounded.
Dowan hits you with a +0 dagger.
Dowan gestures wildly while chanting.
Dowan blinks!
You barely miss Dowan.
Dowan is heavily wounded.
Dowan mumbles some strange words.
Dowan blinks!
Things that are here:
a +0 rapier of protection; a +0 leather armour Dowan hits you with a +0 dagger.
You completely miss Dowan.
Dowan is heavily wounded.
Dowan barely misses you. Dowan hits you but does no damage.
You barely miss Dowan.
Dowan is heavily wounded.
Dowan completely misses you. Dowan hits you but does no damage.
You completely miss Dowan.
Dowan is heavily wounded.
Dowan casts a spell at you. The shard of ice misses you.
Dowan gestures at you while chanting. The shard of ice hits you!
* * * LOW HITPOINT WARNING * * *
Dowan closely misses you.
You closely miss Dowan.
Dowan is heavily wounded.
Dowan breathes, "And she was my only..."
Dowan hits you with a +0 dagger.
* * * LOW HITPOINT WARNING * * *
Dowan hits you but does no damage.
You barely miss Dowan.
Dowan is heavily wounded.
Dowan hits you with a +0 dagger.
You die...

#...# ... #+#
##.# ##### #.##
#.... ##.# #....
#.##
###....#########
##.##
.......@)...>..#
#...##
###...e#####.###
#.#..# #.... #.#
#....# #.... #.#
###..### ...
#...$ #.#
#.#....# .....
#.... #.#
#.##.#.# .....
##### #.#
#.#....# .....
#.# #.#.####
..... #.# #.#.#


You could see Dowan (fast).

Vanquished Creatures
  Duvessa (D:4)
  A bullfrog (D:4)
  An iguana (D:2)
  2 adders
  4 dart slugs
  7 ball pythons
  8 bats
  10 endoplasms
  2 giant cockroaches (D:1)
  7 hobgoblins
  2 jackals (D:1)
  4 kobolds
  2 quokkas (D:3)
  3 frilled lizards (D:2)
  5 goblins
  2 rats
61 creatures vanquished.

Notes
Turn   | Place    | Note
-------+----------+-------------------------------------------
     0 | D:1      | grandjackal the Demonspawn Gladiator began the quest for
                  | the Orb.
     0 | D:1      | Reached XP level 1. HP: 16/16 MP: 1/1
   162 | D:1      | Gained mutation: You have sharp fingernails. [demonic
                  | ancestry]
   162 | D:1      | Reached XP level 2. HP: 22/22 MP: 2/2
   713 | D:2      | Reached XP level 3. HP: 27/28 MP: 3/3
   729 | D:2      | Reached skill level 1 in Unarmed Combat
   785 | D:2      | Got Wonkasyck's Opusculum on Astrapomancy and Execration
  1064 | D:2      | Reached skill level 3 in Fighting
  1064 | D:2      | Reached XP level 4. HP: 20/35 MP: 4/4
  1806 | D:3      | Found a sparkling altar of Nemelex Xobeh.
  1807 | D:3      | Found an opulent altar of Gozag.
  1809 | D:3      | Found a sacrificial altar of Ru.
  1810 | D:3      | Found a burning altar of Makhleb.
  1821 | D:3      | Became a worshipper of Makhleb the Destroyer
  2391 | D:4      | Noticed a bullfrog
  2399 | D:4      | Killed a bullfrog
  2400 | D:4      | Reached skill level 1 in Invocations
  2400 | D:4      | Gained mutation: Your demonic aura sometimes causes spilled
                  | blood to erupt in flames. [demonic ancestry]
  2400 | D:4      | Reached XP level 5. HP: 23/42 MP: 4/6
  2593 | D:4      | Found Tubamac's Jewellery Boutique.
  2627 | D:4      | Found a runed translucent door.
  2628 | D:4      | Noticed Crazy Yiuf
  2724 | D:4      | Noticed Duvessa
  2725 | D:4      | Noticed Dowan
  2731 | D:4      | Killed Duvessa
  2732 | D:4      | Reached skill level 4 in Fighting
  2732 | D:4      | Gained mutation: You have very sharp fingernails. [demonic
                  | ancestry]
  2732 | D:4      | Reached XP level 6. HP: 32/48 MP: 6/8
  2748 | D:4      | Slain by Dowan

Illustrated notes

Levels and vault maps discovered:
D:1:      dpeg_arrival_shrine, layout_loops_cross
D:2:      layout_loops_ring
D:3:      layout_basic, minitemple, roderic_batcave, st_stairs_3
D:4:      layout_basic, gammafunk_temple_overflow_arena,
          yredelemnul_altar_generic, serial_shops, kennysheep_mini,
          chequers_serial_rivers_room_a, serial_library_hellmonk_h_bend,
          uniq_crazy_yiuf_cottage, uniq_duvessa

Skill      XL: |  1  2  3  4  5 |
---------------+----------------+-----
Throwing       | 2 |  2.0
Dodging        | 3 |  3.0
Unarmed Combat | 1 2 3 |  3.0
Fighting       | 3 4 |  4.2
Invocations    | 1 2 |  2.8
Long Blades    | |  2.8

Action                     |  1- 3 |  4- 6 || total
---------------------------+-------+-------++-------
  Melee: Long sword        |    51 |       ||    51
         Morningstar       |    25 |    88 ||   113
   Stab: Sleeping          |     3 |     1 ||     4
 Armour: Leather armour    |    44 |   124 ||   168
  Dodge: Dodged            |    51 |    95 ||   146

Table legend: (Time is in decaauts)
 A = Elapsed time spent in this place.
 B = Non-inter-level travel time spent in this place.
 C = Inter-level travel time spent in this place.
 D = Time resting spent in this place.
 E = Time spent auto-exploring this place.
 F = Levels seen in this place.
 G = Mean time per level.
                   A        B        C        D        E       F      G
               +--------+--------+--------+--------+--------+-----+--------+
         Total |   2816 |   2682 |    134 |    217 |   1915 |   4 |  704.0 |
       Dungeon |   2816 |   2682 |    134 |    217 |   1915 |   4 |  704.0 |
               +--------+--------+--------+--------+--------+-----+--------+

Top non-repeatable levels by time:
     D:3: 1141 daAuts
     D:2: 712 daAuts
     D:1: 702 daAuts
     D:4: 260 daAuts
